 Dungeon Crawl Stone Soup version 0.22.1-1-ga44c0e5 (webtiles) character file.

186 Poopfingers the Chopper (level 5, -3/45 HPs)
             Began as a Hill Orc Fighter on Nov 4, 2018.
             Slain by a gnoll
             ... wielding a +1 dire flail of protection
              (7 damage)
             ... on level 3 of the Dungeon.
             The game lasted 00:12:25 (2523 turns).

Poopfingers the Chopper (Hill Orc Fighter)          Turns: 2523, Time: 00:12:26

Health: -3/45      AC: 16    Str: 20    XL:     5   Next: 65%
Magic:  5/5        EV:  5    Int:  8    God:
Gold:   216        SH:  9    Dex: 10    Spells: 4/4 levels left

rFire    . . .     SeeInvis .   p - +2 mace (protect)
rCold    . . .     Gourm    .   c - +0 shield
rNeg     . . .     Faith    .   k - +0 chain mail
rPois    .         Spirit   .   (no helmet)
rElec    .         Reflect  .   (no cloak)
rCorr    .         Harm     .   (no gloves)
MR       .....                  (no boots)
Stlth    ..........             s - amulet of the acrobat
HPRegen  0.15/turn              (no ring)
MPRegen  0.09/turn              (no ring)

@: protection aura
A: no striking features
a: no special abilities


You were on level 3 of the Dungeon.
You were not hungry.

You visited 1 branch of the dungeon, and saw 3 of its levels.

You collected 216 gold pieces.

Inventory:

Hand Weapons
 a - a +0 war axe
 p - a +2 mace of protection (weapon)
 v - a +0 broad axe
Armour
 b - a +0 scale mail
 c - a +0 shield (worn)
 k - a +0 chain mail (worn)
Jewellery
 n - an uncursed amulet of the gourmand
 s - an amulet of the acrobat (around neck)
 t - an uncursed ring of poison resistance {unknown}
Wands
 u - a wand of digging (7)
Scrolls
 h - 2 scrolls of blinking {unknown}
 i - 4 scrolls of identify {unknown}
 j - a scroll of fog {unknown}
 m - a scroll of fear {unknown}
 o - 3 scrolls of remove curse {unknown}
 q - a scroll of teleportation {unknown}
Potions
 d - a potion of might
 e - a potion of degeneration {unknown}
 g - 3 potions of lignification {unknown}
 l - 3 potions of resistance {unknown}
 r - a potion of curing {unknown}
Comestibles
 f - 4 rations


   Skills:
 - Level 3.6 Fighting
 + Level 7.5 Axes
 - Level 3.2 Armour
 - Level 3.2 Shields


You had 4 spell levels left.
You didn't know any spells.
Your spell library was empty.

Dungeon Overview and Level Annotations

Branches:
Dungeon (3/15)

Altars:
Ashenzari
Makhleb


Message History

You block the gnoll's attack. x2
The gnoll hits you with a dire flail of protection!
You closely miss the gnoll.
The gnoll is severely wounded.
The gnoll completely misses you. You block the gnoll's attack.
You hit the gnoll but do no damage.
The gnoll is severely wounded.
The gnoll hits you with a war axe! You block the gnoll's attack.
You hit the gnoll.
The gnoll is almost dead.
The gnoll hits you with a war axe!
* * * LOW HITPOINT WARNING * * *
The gnoll hits you but does no damage.
Okay, then.
The gnoll hits you but does no damage.
Your chain mail prevents you from hitting the gnoll.
The gnoll is almost dead.
The gnoll completely misses you.
The gnoll hits you with a dire flail of protection!
You die...

# # #### ###
###################..... ..#
....................# #.#
..####....#.#)##@..##... ..#
.....#....#.#..gg.......#######.#
.....#....#.#..#...##)#.......#.#
.....#....#.#..#..)# #.........#
.....#....#.#..#...# #.....#.#..
.....#....#.#..#...# #..........
.....######.#......# #...>.#.<..
.....# #.#.###'###.#..........
.....# #.# .# #.#.....#....


You could see 2 gnolls.

Vanquished Creatures
  A hound (D:2)
  Natasha (D:3)
  An iguana (D:3)
  A gnoll (D:3)
  4 adders
  An ooze (D:2)
  2 worms (D:2)
  A dart slug (D:2)
  A leopard gecko (D:2)
  2 giant cockroaches (D:3)
  4 goblins
  6 hobgoblins
  3 jackals (D:2)
  3 quokkas
  5 bats
  5 frilled lizards
  8 kobolds
  5 rats
54 creatures vanquished.

Notes
Turn   | Place    | Note
-------+----------+-------------------------------------------
     0 | D:1      | Poopfingers the Hill Orc Fighter began the quest for the
                  | Orb.
     0 | D:1      | Reached XP level 1. HP: 19/19 MP: 1/1
   121 | D:1      | Reached skill level 3 in Axes
   186 | D:1      | Reached XP level 2. HP: 20/26 MP: 2/2
   458 | D:1      | Reached skill level 4 in Axes
   703 | D:2      | Reached XP level 3. HP: 30/31 MP: 3/3
   737 | D:2      | Reached skill level 5 in Axes
  1016 | D:2      | Reached XP level 4. HP: 22/39 MP: 4/4
  1402 | D:2      | Reached skill level 6 in Axes
  1403 | D:2      | Found a burning altar of Makhleb.
  1453 | D:2      | Found a shattered altar of Ashenzari.
  1915 | D:3      | Reached XP level 5. HP: 28/45 MP: 5/5
  2321 | D:3      | Reached skill level 7 in Axes
  2482 | D:3      | Noticed Natasha
  2501 | D:3      | Killed Natasha
  2523 | D:3      | Slain by a gnoll

Skill      XL: |  1  2  3  4  5 |
---------------+----------------+-----
Axes           | 3 4 5 6 7 |  7.5
Fighting       | |  3.6
Armour         | |  3.2
Shields        | |  3.2

Action                   |  1- 3 |  4- 6 || total
-------------------------+-------+-------++-------
Melee: War axe           |    96 |    35 ||   131
       Mace              |       |    71 ||    71
  Eat: Chunk             |     1 |     7 ||     8
Armor: Scale mail        |    46 |     1 ||    47
       Chain mail        |       |    55 ||    55
Dodge: Dodged            |    36 |    26 ||    62
Block: Shield            |    60 |    71 ||   131
